 Dungeon Sprint DCSS version 0.17-a0-1635-gd4e48f1 (webtiles) character file.

506 Kidiri the Protected (level 7, 0/41 HPs)
             Began as a Gargoyle Fighter on Aug 4, 2015.
             Was a Believer of Okawaru.
             Slain by an unseen horror (6 damage)
             ... in the Dungeon (Sprint IX: "|||||||||||||||||||||||||||||").
             The game lasted 00:02:10 (410 turns).

Kidiri the Protected (Gargoyle Fighter)              Turns: 410, Time: 00:02:11

Health: 0/41       AC: 19    Str: 21    XL:     7   Next: 18%
Magic:  10/10      EV:  7    Int: 11    God:    Okawaru [**....]
Gold:   0          SH: 12    Dex: 13    Spells: 0 memorised, 6 levels left

rFire  . . .     SeeInvis .     a - +0 flail
rCold  . . .     Clarity  .     r - +1 chain mail
rNeg   + . .     SustAt   .     c - +0 shield
rPois  ∞         Gourm    .     (no helmet)
rElec  +         Spirit   .     q - +0 cloak
rCorr  .         Warding  .     (no gloves)
rMut   .         NoTele   +     (no boots)
MR     .....                    (no amulet)
Stlth  ..........               t - +3 ring of dexterity
                                s - +3 ring of intelligence

@: not resistant to hostile enchantments, extremely unstealthy
A: negative energy resistance 1, electricity resistance, unbreathing,
petrification resistance, rot immunity, AC +4
a: Heroism, Renounce Religion


You were in the Dungeon.
You worshipped Okawaru.
Okawaru was pleased with you.
You were not hungry.

You visited 1 branch

Inventory:

Hand weapons
 a - a +0 flail (weapon)
Armour
 b - a +0 scale mail
 c - a +0 shield (worn)
 q - a +0 cloak (worn)
 r - a +1 chain mail (worn)
Jewellery
 s - a +3 ring of intelligence (left hand)
 t - a +3 ring of dexterity (right hand)
Magical devices
 p - a wand of draining (7)
Scrolls
 k - 2 scrolls of blinking
 n - 3 scrolls of remove curse
 o - 2 scrolls of amnesia
Potions
 d - a potion of might
 f - a potion of invisibility
 g - a potion of heal wounds
 h - a potion of haste
 i - 4 potions of magic
 j - a potion of berserk rage
 m - 4 potions of curing
Comestibles
 e - a bread ration


   Skills:
 - Level 3.2 Fighting
 + Level 6.5 Maces & Flails
 * Level 10.4 Armour
 * Level 10.3 Shields
 + Level 4.8 Invocations


You had 6 spell levels left.
You didn't know any spells.

Dungeon Overview and Level Annotations

Branches:
Dungeon (1/1)

Altars:
Cheibriados
Dithmenos
Elyvilon
Fedhas
Gozag
Kikubaaqudgha
Makhleb
Nemelex Xobeh
Okawaru
Qazlal
Ru
Sif Muna
Trog
Vehumet
Xom
Yredelemnul
Zin
The Shining One
Beogh
Jiyva
Lugonu


Innate Abilities, Weirdness & Mutations

You are resistant to torment.
Your stone body is resilient (AC +4).
You are immune to poison.
You resist negative energy.
You are resistant to electric shocks.
You can survive without breathing.
You are immune to petrification.
You are immune to rotting.


Message History

Something hits you but does no damage. x2
You closely miss something. Something hits you but does no damage.
You miss something. Something hits you but does no damage.
Something hits you but does no damage.
You barely miss something. Something hits you.
Something hits you but does no damage.
You hit something but do no damage. Something hits you but does no damage.
You closely miss something. Something hits you but does no damage.
Something hits you but does no damage.
You closely miss something. Something hits you.
You closely miss something. Something hits you. You block its attack.
Something hits you but does no damage.
Your chain mail prevents you from hitting something.
Something hits you!
* * * LOW HITPOINT WARNING * * *
Something hits you but does no damage.
You miss something. Something hits you but does no damage.
Something hits you but does no damage.
You closely miss something. Something hits you.
You die... ▓▓▓▓▓▓▓▓▓▓▓▓▓▓▓▓▓▓▓ _'..|).[...)....@.+ ▓▓▓▓▓▓▓▓▓▓▓▓▓▓▓▓▓▓▓

There were no monsters in sight!

Vanquished Creatures
  A yak (D)
  2 ogres (D)
  A centaur (D)
  A killer bee (D)
  A hound (D)
  A worker ant (D)
  An adder (D)
  A shadow imp (D)
  A giant gecko (D)
  A hobgoblin (D)
  2 kobolds (D)
  2 rats (D)
15 creatures vanquished.

Notes
Turn   | Place    | Note
--------------------------------------------------------------
     0 | D        | Kidiri the Gargoyle Fighter began the quest for the Orb.
     0 | D        | Reached XP level 1. HP: 14/14 MP: 1/1
    20 | D        | Reached skill level 4 in Armour
   109 | D        | Noticed a worker ant
   109 | D        | Noticed a centaur
   114 | D        | Reached XP level 2. HP: 9/19 MP: 2/2
   130 | D        | Killed a worker ant
   130 | D        | Reached skill level 5 in Armour
   130 | D        | Reached skill level 5 in Shields
   130 | D        | Reached XP level 3. HP: 12/23 MP: 3/3
   138 | D        | Reached skill level 6 in Armour
   147 | D        | Killed a centaur
   147 | D        | Reached skill level 7 in Armour
   147 | D        | Reached XP level 4. HP: 12/28 MP: 4/4
   147 | D        | Reached XP level 5. HP: 13/32 MP: 5/5
   155 | D        | Found a glowing silver altar of Zin.
   155 | D        | Found a glowing golden altar of the Shining One.
   155 | D        | Found an ancient bone altar of Kikubaaqudgha.
   155 | D        | Found a basalt altar of Yredelemnul.
   155 | D        | Found a shimmering altar of Xom.
   155 | D        | Found a radiant altar of Vehumet.
   156 | D        | Found an iron altar of Okawaru.
   157 | D        | Found a burning altar of Makhleb.
   158 | D        | Found a deep blue altar of Sif Muna.
   159 | D        | Found a bloodstained altar of Trog.
   160 | D        | Found a sparkling altar of Nemelex Xobeh.
   161 | D        | Found a white marble altar of Elyvilon.
   162 | D        | Found a roughly hewn altar of Beogh.
   163 | D        | Found a viscous altar of Jiyva.
   164 | D        | Became a worshipper of Warmaster Okawaru
   165 | D        | Found a corrupted altar of Lugonu.
   166 | D        | Found a blossoming altar of Fedhas.
   167 | D        | Found a snail-covered altar of Cheibriados.
   168 | D        | Found a shadowy altar of Dithmenos.
   169 | D        | Found a stormy altar of Qazlal.
   170 | D        | Found an opulent altar of Gozag.
   171 | D        | Found a sacrificial altar of Ru.
   329 | D        | Noticed a yak
   329 | D        | Noticed an ogre
   329 | D        | Noticed a hound
   329 | D        | Noticed a killer bee
   329 | D        | Noticed an ogre
   342 | D        | Killed a yak
   342 | D        | Acquired Okawaru's first power
   342 | D        | Reached skill level 5 in Maces & Flails
   342 | D        | Reached skill level 9 in Armour
   342 | D        | Reached XP level 6. HP: 35/37 MP: 5/8
   350 | D        | Killed an ogre
   356 | D        | Killed a hound
   371 | D        | Killed a killer bee
   371 | D        | Reached skill level 10 in Armour
   371 | D        | Reached skill level 10 in Shields
   378 | D        | Killed an ogre
   378 | D        | Reached XP level 7. HP: 35/41 MP: 10/10
   410 | D        | Slain by an unseen horror

Vault maps used:
D:        linesprint

Action                   |  1- 3 |  4- 6 |  7- 9 || total
-------------------------+-------+-------+-------++-------
Melee: Flail             |    58 |    48 |    22 ||   128
  Use: Potion            |     1 |     1 |     1 ||     3
